 Dungeon Crawl Stone Soup version 0.31.0-1-g2c135a008e (webtiles) character file.

Game seed: 3936048812384635696

382 qw the Shooter (level 7, -4/50 HPs)
             Began as a Djinni Hunter on Jan 23, 2024.
             Was an Initiate of Okawaru.
             Slain by a gnoll
             ... wielding a +0 club
              (8 damage)
             ... on level 4 of the Dungeon.
             The game lasted 00:00:11 (2903 turns).

qw the Shooter (Djinni Hunter)                      Turns: 2903, Time: 00:00:11

Health: -4/50      AC:  7    Str: 10    XL:     7   Next: 5%
Gold:   160        EV:  8    Int: 10    God:    Okawaru [......] SH:  0 Dex: 19

rFire   + . .        a - +0 shortbow
rCold   . . .        (shield currently unavailable)
rNeg    . . .        k - +2 ring mail {rPois}
rPois   inf          (no helmet)
rElec   .            (no cloak)
rCorr   .            (no gloves)
SInv    .            (boots unavailable)
Will    .....        (no amulet) Stlth
                     d - ring of ice
HPRegen 0.28/turn    (no ring)
MPRegen 0.00/turn

%: infuse magic (-5 HP)
@: confused, flying, constricted
A: sickness immunity, fire resistance 2, cold vulnerability 1, float, innate
caster, HP casting, extra vitality 1
a: Renounce Religion


You were on level 4 of the Dungeon.
You worshipped Okawaru.
Okawaru was noncommittal.
You visited 1 branch of the dungeon, and saw 4 of its levels.

You collected 160 gold pieces.


Innate Abilities, Weirdness & Mutations

You are immune to sickness and miasma.
You are immune to poison.
Your flesh is very heat resistant. (rF++)
You are vulnerable to cold. (rC-)
You float through the air rather than walking.
You learn spells naturally, not from books.
Your magical power is your life essence.
You have superior vitality. (+4 MHP)


   Skills:
 - Level 3.1 Fighting
 + Level 4.9 Ranged Weapons
 - Level 4.2 Armour
 - Level 2.1 Dodging
 - Level 0.7 Stealth


You knew the following spells:

 Your Spells              Type           Power      Damage    Failure   Level
a - Kiss of Death         Conj/Necr      0%         2d5       65%         1
b - Searing Ray           Conj           0%         2d4       80%         2
c - Mercury Vapours       Alch/Air       0%         N/A       80%         2
Your spell library was empty.

Inventory:

Hand Weapons
 a - a +0 shortbow (weapon)
Armour
 c - the +0 leather armour of Hossa {rElec rF+ rN+}
   (You found it on level 2 of the Dungeon)

   rF+:       It protects you from fire.
   rElec:     It insulates you from electricity.
   rN+:       It protects you from negative energy.
 k - a +2 ring mail of poison resistance (worn)
Jewellery
 d - a ring of ice (left hand)
Scrolls
 f - 4 scrolls of enchant armour
Potions
 e - 2 potions of might

Dungeon Overview and Level Annotations

Branches:
Dungeon (4/15)
 Temple: D:4-7

Altars:
Fedhas
Okawaru
Yredelemnul

Shops:
D:2 [


Message History

The gnoll closely misses you. Something hits you but does no damage.
The gnoll closely misses you.
You hear some strange, mumbled words.
You are more confused.
The gnoll barely misses you. Something hits you but does no damage.
Something completely misses you. Something hits you. Something hits you.
The gnoll barely misses you. Something hits you.
The ball python barely misses you. The ball python misses you.
Something hits you. The gnoll closely misses you. The gnoll barely misses you.
The ball python barely misses you. The ball python grabs you.
The ball python constricts you.
The orc shouts!
The gnoll hits you with a +0 club! Something hits you but does no damage.
The gnoll hits you from afar with a +1 halberd of venom.
The ball python barely misses you. The ball python constricts you.
2900 ||| DRINKING potion of heal wounds.
You feel much better. The gnoll hits you but does no damage.
The ball python barely misses you. The ball python constricts you.
Something hits you but does no damage. The gnoll hits you with a +0 whip.
The gnoll hits you from afar with a +1 halberd of venom!
The ball python bites you. The ball python constricts you.
The gnoll hits you with a +0 club.
An orc comes into view.
It is wielding a +2 flail of protection.
The gnoll misses you. The gnoll barely misses you.
Something hits you but does no damage.
The orc shouts!
The ball python barely misses you. The ball python constricts you.
The gnoll hits you with a +0 club.
The gnoll hits you from afar with a +1 halberd of venom!
You hear some strange, mumbled words.
Something tries to affect you, but you resist.
The gnoll closely misses you.
The ball python bites you but does no damage.
The ball python constricts you. Something hits you but does no damage.
The gnoll hits you with a +0 club!
You die...

#..........
.#######...........
........)..........
.................#
#................#
#.........<......#####
#.....................
#.................#
#...............@{#
#..............ggSgoo...
#.................###...
#.................# .
#.................#
#...........#####.#
############# .# ##


You could see 3 gnolls, 2 orcs and a ball python.

Vanquished Creatures
  Sigmund (D:2)
  A black bear (D:3)
  A hound (D:3)
  Terence (D:2)
  A gnoll (D:4)
  An adder (D:2)
  3 dart slugs
  2 ribbon worms
  4 orcs (D:3)
  2 bats
  5 endoplasms
  6 goblins
  2 hobgoblins (D:1)
  2 jackals (D:3)
  5 kobolds
  4 quokkas
  5 ball pythons
  5 frilled lizards
  3 rats
54 creatures vanquished.

Notes
Turn   | Place    | Note
-------+----------+-------------------------------------------
     0 | D:1      | qw the Djinni Hunter began the quest for the Orb.
     0 | D:1      | Reached XP level 1. HP: 18/18 MP: 0/0
     0 | D:1      | 0 ||| qw: Version: 0.3-a-136-gdd3b4e8
     0 | D:1      | 0 ||| qw: Game counter: 1118
     0 | D:1      | 0 ||| qw: Melee chars always use a shield: true
     0 | D:1      | 0 ||| qw: God list: Okawaru
     0 | D:1      | 0 ||| qw: Allow faded altars: false
     0 | D:1      | 0 ||| qw: Do Orc after clearing Dungeon:15 true
     0 | D:1      | 0 ||| qw: Do second Lair branch before Depths: true
     0 | D:1      | 0 ||| qw: Lair rune preference: random
     0 | D:1      | 0 ||| qw: Goals: Normal
     0 | D:1      | 0 ||| PLANNING D:1-11
   128 | D:1      | Reached XP level 2. HP: 23/23 MP: 0/0
   253 | D:1      | Reached XP level 3. HP: 28/28 MP: 0/0
   253 | D:1      | Learned a level 1 spell: Kiss of Death
   679 | D:1      | 679 ||| UPGRADING to +0 ring mail.
   689 | D:1      | 689 ||| DROPPING +0 leather armour.
   690 | D:1      | 690 ||| READING scroll labelled JEUZOL TYX DYNT.
   691 | D:1      | 691 ||| READING scroll labelled VUPPUHY TUCA.
   691 | D:1      | 691 ||| IDENTIFYING golden potion
   692 | D:1      | 692 ||| READING 4 scrolls labelled ACEYSUNAXU.
   692 | D:1      | 692 ||| ENCHANTING +0 shortbow.
   693 | D:1      | 693 ||| READING scroll labelled ABOGET QAMUEG.
   694 | D:1      | 694 ||| DROPPING scroll of butterflies.
   758 | D:2      | Noticed Sigmund
   766 | D:2      | HP: 6/28 [something (5)]
   767 | D:2      | Killed Sigmund
   768 | D:2      | Reached XP level 4. HP: 8/33 MP: 0/0
   768 | D:2      | Reached XP level 5. HP: 9/38 MP: 0/0
   768 | D:2      | Learned a level 2 spell: Searing Ray
  1068 | D:2      | Identified the +0 leather armour of Hossa {rElec rF+ rN+}
  1323 | D:2      | Found Fapty's Armour Emporium.
  1368 | D:2      | Noticed Terence
  1369 | D:2      | 1369 ||| SHOPLISTING +1 cloak (115 gold, have 103).
  1369 | D:2      | 1369 ||| SHOPLISTING +2 ring mail of Yredelemnul's Regard
                  | {rElec rF+ rC+ rCorr} (476 gold, have 103).
  1380 | D:2      | Killed Terence
  1381 | D:2      | Reached XP level 6. HP: 22/45 MP: 0/0
  1599 | D:2      | Found a basalt altar of Yredelemnul.
  1638 | D:2      | Reached skill level 3 in Fighting
  1666 | D:2      | 1666 ||| UPGRADING to +0 leather armour of Hossa {rElec rF+
                  | rN+}.
  1676 | D:2      | 1676 ||| DROPPING +0 ring mail.
  1677 | D:2      | 1677 ||| UPGRADING to +2 ring mail of poison resistance.
  1687 | D:2      | 1687 ||| UPGRADING to ring of ice.
  1688 | D:2      | 1688 ||| READING scroll of identify.
  1688 | D:2      | 1688 ||| IDENTIFYING 2 sedimented white potions
  1689 | D:2      | 1689 ||| READING scroll labelled OGOMIG UWEAPP.
  1690 | D:2      | 1690 ||| READING scroll labelled XOASUY FIDEUSU.
  1713 | D:3      | Noticed a black bear
  1724 | D:3      | HP: 10/46 [black bear (2)]
  1725 | D:3      | 1725 ||| DRINKING potion of heal wounds.
  1728 | D:3      | Killed a black bear
  1884 | D:3      | Found a blossoming altar of Fedhas.
  1893 | D:3      | Found an iron altar of Okawaru.
  1894 | D:3      | 1894 ||| PLANNING OKAWARU WORSHIP
  1901 | D:3      | Became a worshipper of Warmaster Okawaru
  1902 | D:3      | 1902 ||| PLANNING D:1-11
  2273 | D:3      | Reached XP level 7. HP: 17/50 MP: 0/0
  2273 | D:3      | Learned a level 2 spell: Mercury Vapours
  2358 | D:3      | 2358 ||| FLEEEEING.
  2359 | D:3      | 2359 ||| FLEEEEING.
  2453 | D:3      | Found a faded altar of an unknown god.
  2833 | D:3      | 2833 ||| READING scroll labelled CAAGENIYMO.
  2836 | D:3      | 2836 ||| READING scroll labelled ITIOH BASAE.
  2888 | D:4      | HP: 9/50 [something/puff of flame (7)]
  2889 | D:4      | 2889 ||| DRINKING 2 potions of heal wounds.
  2899 | D:4      | HP: 12/50 [gnoll/+0 club (8)]
  2900 | D:4      | 2900 ||| DRINKING potion of heal wounds.
  2902 | D:4      | HP: 4/50 [gnoll/+1 halberd of venom (7)]
  2903 | D:4      | Slain by a gnoll

Levels and vault maps discovered:
D:1:      eino_arrival_druids_welcome, layout_basic
D:2:      layout_basic, serial_shops, shop, basic_altar, serial_rivers,
          chequers_serial_rivers_micro_e, chequers_serial_rivers_small_b,
          chequers_serial_rivers_large_a, chequers_serial_rivers_small_b,
          chequers_serial_rivers_micro_d, chequers_serial_rivers_micro_e,
          uniq_sigmund, uniq_terence
D:3:      layout_basic, chequers_temple_overflow_statue_of_worship,
          chequers_ecumenical_altar_simple_redux, item_on_display_b
D:4:      layout_basic, grunt_temple_overflow_gold_and_silver

Skill      XL: |  1  2  3  4  5  6 |
---------------+-------------------+-----
Ranged Weapons | 4 |  4.9
Armour         | 4 |  4.2
Fighting       | 3 |  3.1
Dodging        | |  2.1
Stealth        | |  0.7

Action                     |  1- 3 |  4- 6 |  7- 9 || total
---------------------------+-------+-------+-------++-------
   Fire: Shortbow          |    67 |   120 |    35 ||   222
    Use: Scroll            |     4 |     3 |     2 ||     9
         Potion            |       |     1 |     2 ||     3
 Armour: Leather armour    |     5 |       |       ||     5
         Ring mail         |     7 |    96 |    44 ||   147
  Dodge: Dodged            |    15 |    75 |    23 ||   113

Table legend:
 A = Non-vault XP
 B = Vault XP
 C = Vault XP percentage of total XP
 D = Non-vault monster count
 E = Vault monster count
 F = Vault count percentage of total count
                 A         B        C        D         E       F
            +---------+---------+-------+---------+---------+-------
      Total |     296 |     250 |  45.8 |      52 |       2 |   3.7
            +---------+---------+-------+---------+---------+-------
        D:1 |      36 |       0 |   0.0 |      20 |       0 |   0.0
        D:2 |      36 |     250 |  87.4 |      10 |       2 |  16.7
        D:3 |     208 |       0 |   0.0 |      20 |       0 |   0.0
        D:4 |      16 |       0 |   0.0 |       2 |       0 |   0.0
            +---------+---------+-------+---------+---------+-------
